Map: Simulacrum LE

Players

Dream - Winner!

  • Race: Terran Terran
  • Spawn Location: 11:00

PtitDrogo

  • Race: Protoss Protoss
  • League: Master
  • Spawn Location: 5:00

Event: StayAtHomestory Cup #1

VOD

Have the link to the VOD?

Description

Time

  • Played on: April 10, 2020, 9:46 a.m.
  • Length: 5:36

All games in this series

Show
View Real Time Build Order
Export as new Build Order

Dream Terran - Winner!

Build Orders: Reaper Expand 

Get SALT Encoding   

  12  0:00  SCV  
  13  0:13  SCV  
  14  0:17  Supply Depot  
  14  0:25  SCV  
  15  0:38  SCV  
  15  0:39  Barracks  
  16  0:43  Refinery  
  16  0:51  SCV  
  17  1:03  SCV  
  18  1:15  SCV  
  19  1:26  Reaper  
  19  1:27  Orbital Command  
  20  1:46  Command Center  
  20  1:53  SCV, Supply Depot  
  21  1:59  Marine  
  22  2:05  SCV  
  23  2:09  Factory  
  23  2:15  Refinery  
  23  2:17  SCV  
  23  2:22  Barracks Reactor  
  24  2:29  SCV  
  25  2:41  SCV  
  26  2:53  SCV  
  26  2:54  Starport  
  26  2:56  Widow Mine  
  26  2:58  Orbital Command  
  29  2:59  Marine x2  
  31  3:06  SCV  
  32  3:17  Widow Mine  
  32  3:18  SCV  
  32  3:19  Marine x2  
  37  3:25  SCV  
  38  3:30  SCV, Medivac  
  38  3:32  Supply Depot  
  41  3:35  Barracks  
  41  3:37  SCV  
  41  3:38  Marine  
  41  3:41  Widow Mine  
  45  3:42  SCV  
  46  3:49  Supply Depot  
  46  3:53  Marine, SCV  
  46  3:54  SCV  
  49  3:57  Barracks  
  49  4:05  Medivac  
  49  4:07  SCV, Widow Mine  
  54  4:10  SCV  
  54  4:14  Engineering Bay  
  55  4:18  Refinery  
  55  4:20  SCV, Supply Depot  
  55  4:22  SCV  
  55  4:23  Marine x2  
  59  4:25  Barracks Tech Lab  
  59  4:33  SCV  
  59  4:34  SCV  
  59  4:42  Marine  
  59  4:43  Marine  
  59  4:45  SCV  
  62  4:47  SCV  
  62  4:51  Barracks Tech Lab  
  63  4:53  Refinery  
  63  4:56  Marauder  
  63  4:57  SCV, Factory Reactor, Starport Reactor  
  63  4:59  SCV  
  67  5:05  Marine x2  
  69  5:08  Supply Depot  
  69  5:09  SCV  
  70  5:18  Supply Depot  
  70  5:20  Supply Depot  
Show
View Real Time Build Order
Export as new Build Order

PtitDrogo Protoss 

Build Orders: 1 Gate Expand 

Get SALT Encoding   

  12  0:00  Probe  
  13  0:12  Probe  
  14  0:20  Pylon  
  14  0:25  Probe  
  15  0:38  Probe (Chrono Boost)  
  15  0:39  Gateway  
  16  0:48  Assimilator  
  16  0:49  Probe (Chrono Boost)  
  17  0:53  Probe (Chrono Boost)  
  18  1:04  Probe  
  19  1:16  Probe  
  20  1:24  Nexus  
  20  1:34  Cybernetics Core  
  20  1:36  Probe  
  21  1:41  Assimilator  
  21  1:48  Probe  
  21  1:51  Pylon  
  22  2:00  Probe  
  23  2:07  Stalker (Chrono Boost)  
  23  2:11  Warp Gate  
  23  2:12  Probe  
  26  2:25  Probe  
  26  2:29  Stalker  
  27  2:34  Robotics Facility  
  30  2:37  Probe x2 (Chrono Boost)  
  31  2:47  Probe x2 (Chrono Boost)  
  33  2:51  Probe (Chrono Boost)  
  33  2:52  Probe (Chrono Boost)  
  35  3:00  Sentry  
  35  3:03  Probe  
  35  3:04  Probe  
  39  3:06  Gateway  
  39  3:12  Gateway  
  39  3:16  Probe x2  
  41  3:21  Pylon  
  41  3:23  Observer (Chrono Boost)  
  42  3:28  Pylon  
  42  3:31  Probe x2  
  44  3:36  Observer (Chrono Boost)  
  45  3:43  Probe  
  45  3:47  Nexus  
  46  3:53  Probe, Pylon  
  48  3:55  Observer  
  48  3:57  Probe  
  48  4:02  Assimilator  
  49  4:04  Assimilator  
  49  4:05  Probe (Chrono Boost)  
  49  4:07  Stalker  
  52  4:12  Stalker  
  56  4:17  Probe x2 (Chrono Boost), Pylon  
  56  4:21  Stalker  
  56  4:22  Probe (Chrono Boost)  
  60  4:24  Probe (Chrono Boost)  
  60  4:31  Probe  
  60  4:35  Probe  
  60  4:37  Observer  
  62  4:40  Stalker  
  62  4:44  Probe (Chrono Boost)  
  65  4:47  Probe (Chrono Boost)  
  65  4:49  Robotics Bay  
  66  4:56  Probe (Chrono Boost)  
  66  4:59  Probe (Chrono Boost)  
  68  5:01  Stalker  
  68  5:05  Probe x2 (Chrono Boost)  
  73  5:07  Probe (Chrono Boost)  
  73  5:08  Twilight Council  
  73  5:09  Forge  
  73  5:12  Probe (Chrono Boost)  
  73  5:14  Probe (Chrono Boost)  
  76  5:15  Probe (Chrono Boost)  
  76  5:17  Probe (Chrono Boost)  
  77  5:22  Probe  
Tags
 
Add a new tag
Caveats
  • Supply blocks, unpowered buildings, or Contaminate may cause inaccurate times.
  • Supply counts are checked every 10 seconds.